 Dungeon Crawl Stone Soup version 0.28.0-47-ge53b351184 (webtiles) character file.

Game seed: 8022023889320918905

234 GigaChad the Covered (level 5, -1/45 (47) HPs)
             Began as a Minotaur Fighter on May 7, 2022.
             Slain by Crazy Yiuf
             ... wielding a +3 quarterstaff of chaos
              (20 damage)
             ... on level 3 of the Dungeon.
             The game lasted 00:05:24 (3964 turns).

GigaChad the Covered (Minotaur Fighter)             Turns: 3964, Time: 00:05:25

HP:   -1/45 (47)    AC:  7    Str: 20    XL:     5   Next: 75%
MP:   4/4           EV:  9    Int:  5    God:
Gold: 142           SH:  5    Dex: 12    Spells: 4/4 levels left

rFire   . . .      SeeInvis .   a - +0 long sword
rCold   . . .      Faith    .   c - +0 buckler
rNeg    . . .      Spirit   .   b - +0 scale mail
rPois   .          Reflect  .   (helmet restricted)
rElec   .          Harm     .   (no cloak)
rCorr   .          Rampage  .   (no gloves)
Will    .....                   (no boots)
Stlth   ..........              (no amulet)
HPRegen 0.15/turn               (no ring)
MPRegen 0.09/turn               (no ring)

@: lightly drained
A: horns 2, retaliatory headbutt
a: no special abilities


You were on level 3 of the Dungeon.
You visited 1 branch of the dungeon, and saw 3 of its levels.

You collected 142 gold pieces.

Inventory:

Hand Weapons
 a - a +0 long sword (weapon)
 i - a +0 halberd
 m - a +0 morningstar
Missiles
 k - 10 arrows
Armour
 b - a +0 scale mail (worn)
 c - a +0 buckler (worn)
Jewellery
 f - a ring of wizardry
 j - a +4 ring of protection
Scrolls
 g - 3 scrolls of teleportation {unknown}
 l - a scroll of amnesia {unknown}
Potions
 d - a potion of might
 e - a potion of flight {unknown}
 h - 2 potions of ambrosia {unknown}


   Skills:
 + Level 4.6 Fighting
 + Level 4.7 Long Blades
 + Level 5.0 Armour
 + Level 1.0 Dodging
 + Level 0.1 Stealth
 + Level 4.5 Shields


You had 4 spell levels left.
You didn't know any spells.
Your spell library was empty.

Dungeon Overview and Level Annotations

Branches:
Dungeon (3/15)

Altars:

Shops:
D:3 =

Annotations:
D:3 Crazy Yiuf


Innate Abilities, Weirdness & Mutations

You have a pair of horns on your head.
You reflexively headbutt those who attack you in melee.


Message History

The bush is lightly damaged.
You hit the bush.
The bush is lightly damaged.
You hit the bush but do no damage.
The bush is lightly damaged.
You hit the bush but do no damage.
You headbutt the bush, but do no damage.
The bush is lightly damaged.
You hit the bush but do no damage. You headbutt the bush!
The bush is lightly damaged.
You hit the bush but do no damage.
The bush is lightly damaged.
You hit the bush but do no damage.
The bush is lightly damaged.
Found a mace.
Found a runed translucent door.
Crazy Yiuf whimpers, "Cholesterol mumblescurry pizzabubble!"
Crazy Yiuf yells, "Lay tea dark!"
You open the door.
Crazy Yiuf grits, "Liver!"
You hit Crazy Yiuf.
You headbutt Crazy Yiuf, but do no damage.
Crazy Yiuf is lightly wounded.
Crazy Yiuf says, "Earwax water stair!"
Crazy Yiuf closely misses you.
You hit Crazy Yiuf.
Crazy Yiuf is lightly wounded.
Crazy Yiuf hits you with a +3 quarterstaff of chaos!
You feel drained.
You closely miss Crazy Yiuf.
Crazy Yiuf is lightly wounded.
Crazy Yiuf hits you with a +3 quarterstaff of chaos.
Crazy Yiuf burns you.
You slash Crazy Yiuf!
Crazy Yiuf is severely wounded.
You block Crazy Yiuf's attack.
You barely miss Crazy Yiuf.
Crazy Yiuf is severely wounded.
Crazy Yiuf hits you with a +3 quarterstaff of chaos!
You are electrocuted!!
You die...

####...))........
#
......###.#######
### ####### #.#
#.. ..# #.# #####
#.# #.# #.# #)..#
#.# #.# ... #...#
#### #.. #.# ..#
... #..########.
#.# ### #g#
##.......... #.#
#.# ♣@♣♣
#.########. #.#
#.# ♣♣.♣ #.# #.
..# #.#### ♣.♣♣
#.# #. ..# #....#
♣♣.♣ ##.# #. ..#
#....# ♣♣.♣♣ #..#
###. .># #....#
♣♣P♣.♣ #### #...
..#####....#
♣PP.P♣
#########...
..).)).....#
#)..)#
#...........
..#####.####
###..##
##.######.#.


You could see Crazy Yiuf.

Vanquished Creatures
  An orc priest (D:3)
  Natasha (D:3)
  2 orc wizards (D:3)
  3 gnolls (D:2)
  3 adders
  4 worms
  2 dart slugs
  6 orcs (D:3)
  5 endoplasms
  4 giant cockroaches
  2 goblins
  3 hobgoblins
  2 quokkas (D:2)
  5 ball pythons
  4 bats
  3 frilled lizards
  8 kobolds
  2 rats
60 creatures vanquished.

Vanquished Creatures (others)
  A fungus (D:3)
  4 plants (D:2)
5 creatures vanquished.

Grand Total: 65 creatures vanquished

Notes
Turn   | Place    | Note
-------+----------+-------------------------------------------
     0 | D:1      | GigaChad the Minotaur Fighter began the quest for the Orb.
     0 | D:1      | Reached XP level 1. HP: 19/19 MP: 0/0
   230 | D:1      | Reached XP level 2. HP: 21/27 MP: 1/1
   623 | D:2      | Reached skill level 4 in Armour
   630 | D:2      | Reached XP level 3. HP: 8/33 MP: 2/2
  1446 | D:2      | Reached XP level 4. HP: 30/41 MP: 3/3
  2268 | D:3      | Found Xaogi's Jewellery Boutique.
  2295 | D:3      | Reached XP level 5. HP: 19/47 MP: 4/4
  2746 | D:3      | Noticed Natasha
  2759 | D:3      | Killed Natasha
  3473 | D:3      | Reached skill level 1 in Dodging
  3511 | D:3      | Reached skill level 5 in Armour
  3955 | D:3      | Found a runed translucent door.
  3956 | D:3      | Noticed Crazy Yiuf
  3964 | D:3      | Slain by Crazy Yiuf

Illustrated notes

Levels and vault maps discovered:
D:1:      wander_arrival_peaceful_grave, layout_rooms, columned_hall_lemuel
D:2:      layout_basic, nicolae_grassy_gnolls
D:3:      layout_loops_ring, serial_shops, nicolae_shop_window_shopping,
          uniq_natasha, uniq_crazy_yiuf_cottage

Skill      XL: |  1  2  3  4  5 |
---------------+----------------+-----
Fighting       | 4 |  4.6
Armour         | 4 5 |  5.0
Shields        | 4 |  4.5
Long Blades    | 3 4 |  4.7
Dodging        | 1 |  1.0
Stealth        | |  0.1

Action                   |  1- 3 |  4- 6 || total
-------------------------+-------+-------++-------
Melee: Long sword        |    61 |   124 ||   185
       Headbutt          |    10 |    22 ||    32
Armor: Scale mail        |    38 |    51 ||    89
Dodge: Dodged            |    50 |    31 ||    81
Block: Buckler           |    29 |    18 ||    47
